ITL
INDIANA HOUNDS @ AMARILLO ARCHDUKES
05/06/2030
 
TOP OF THE 1ST
Indiana Hounds batting - Pitching for Amarillo Archdukes : RHP Tsugahara Suzuki
Pitching: RHP Tsugahara Suzuki
Batting: RHB Henry Haines 0-0: Called Strike
0-1: Ball
1-1: Ball
2-1: Foul Ball, location: 2F
2-2: Strikes out swinging
Batting: RHB Remi Eruzione 0-0: Ball
1-0: Foul Ball, location: 2F
1-1: Called Strike
1-2: Ground out 6-3 (Groundball, 6)
Batting: RHB Marlon Hernández 0-0: Foul Ball, location: 2F
0-1: Foul Ball, location: 2F
0-2: Foul Ball, location: 2F
0-2: Strikes out looking
Top of the 1st over - 0 runs, 0 hits, 0 errors, 0 left on base; Indiana 0 - Amarillo 0
BOTTOM OF THE 1ST
Amarillo Archdukes batting - Pitching for Indiana Hounds : LHP Daniel Gregory
Pitching: LHP Daniel Gregory
Batting: LHB Brian Easdale 0-0: SINGLE (Line Drive, 89S)
Batting: RHB Oliver Lugo 0-0: Ball
1-0: Foul Ball, location: 2F
1-1: Grounds into double play, 5-4-3 (Groundball, 56)
Batting: SHB Álex Hernández 0-0: Swinging Strike
0-1: Ground out 1-3 (Groundball, P)
Bottom of the 1st over - 0 runs, 1 hit, 0 errors, 0 left on base; Indiana 0 - Amarillo 0
TOP OF THE 2ND
Indiana Hounds batting - Pitching for Amarillo Archdukes : RHP Tsugahara Suzuki
Batting: RHB Roberto Cardona 0-0: SINGLE (Groundball, 56D)
Batting: RHB Víctor Márquez 0-0: Swinging Strike
0-1: Ball
1-1: Ball
2-1: Swinging Strike
2-2: Foul Ball, location: 2F
2-2: Foul Ball, location: 2F
2-2: Ball
3-2: Strikes out looking
Batting: RHB Vicente Valentín 0-0: Ball
1-0: Ball
2-0: Fly out, F8 (Flyball, 8RM)
Batting: RHB Danny Walker 0-0: Swinging Strike
0-1: Ball
1-1: Ball
2-1: Foul Ball, location: 2F
2-2: Ball
3-2: DOUBLE (Line Drive, 9LM)
Roberto Cardona to third
Roberto Cardona scores
Batting: RHB Octávio Zúñiga 0-0: Foul Ball, location: 2F
0-1: Called Strike
0-2: Ball
1-2: Strikes out swinging
Top of the 2nd over - 1 run, 2 hits, 0 errors, 1 left on base; Indiana 1 - Amarillo 0
BOTTOM OF THE 2ND
Amarillo Archdukes batting - Pitching for Indiana Hounds : LHP Daniel Gregory
Batting: RHB Jesús Ramos 0-0: Called Strike
0-1: Foul Ball, location: 2F
0-2: Strikes out looking
Batting: RHB Herb Bunch 0-0: Called Strike
0-1: Fly out, F4 (Popup, 34S)
Batting: RHB Vincente Ramírez 0-0: Fly out, F9 (Flyball, 9)
Bottom of the 2nd over - 0 runs, 0 hits, 0 errors, 0 left on base; Indiana 1 - Amarillo 0
TOP OF THE 3RD
Indiana Hounds batting - Pitching for Amarillo Archdukes : RHP Tsugahara Suzuki
Batting: RHB Anastasio Movonda 0-0: Ground out 4-3 (Groundball, 4M)
Batting: RHB Henry Haines 0-0: Called Strike
0-1: Ball
1-1: Ball
2-1: SINGLE (Flyball, 89S)
Batting: RHB Remi Eruzione 0-0: Called Strike
0-1: Ball
1-1: SINGLE (Line Drive, 89S)
Henry Haines to second
Runner from 2nd tries for 3rd, SAFE, throw made to third
Batting: RHB Marlon Hernández 0-0: Ball
1-0: Ball
2-0: Ball
3-0: Base on Balls
Remi Eruzione to second
Batting: RHB Roberto Cardona 0-0: Foul Ball, location: 2F
0-1: Foul Ball, location: 2F
0-2: Ball
1-2: Ball
2-2: Strikes out swinging
Batting: RHB Víctor Márquez 0-0: Ball
1-0: Ball
2-0: Called Strike
2-1: Foul Ball, location: 2F
2-2: Foul Ball, location: 2F
2-2: Fly out, F8 (Flyball, 8LM)
Top of the 3rd over - 0 runs, 2 hits, 0 errors, 3 left on base; Indiana 1 - Amarillo 0
BOTTOM OF THE 3RD
Amarillo Archdukes batting - Pitching for Indiana Hounds : LHP Daniel Gregory
Batting: LHB José Martínez 0-0: Called Strike
0-1: Foul Ball, location: 2F
0-2: Strikes out swinging
Batting: SHB Jeff Chambers 0-0: Called Strike
0-1: Ground out U3 (Groundball, 3)
Batting: LHB António Chávez 0-0: Swinging Strike
0-1: Ball
1-1: Hit by Pitch
Batting: LHB Brian Easdale 0-0: Foul Ball, location: 2F
0-1: Ball
1-1: Fielders Choice at 2nd, 6-4 (Groundball, 6)
Bottom of the 3rd over - 0 runs, 0 hits, 0 errors, 1 left on base; Indiana 1 - Amarillo 0
TOP OF THE 4TH
Indiana Hounds batting - Pitching for Amarillo Archdukes : RHP Tsugahara Suzuki
Batting: RHB Vicente Valentín 0-0: Ball
1-0: Swinging Strike
1-1: Ball
2-1: Foul Ball, location: 2F
2-2: Ball
3-2: Fly out, F9 (Flyball, 9S)
Batting: RHB Danny Walker 0-0: Called Strike
0-1: Swinging Strike
0-2: Ball
1-2: Ground out 1-3 (Groundball, 15S)
Batting: RHB Octávio Zúñiga 0-0: Called Strike
0-1: Ball
1-1: Called Strike
1-2: Ground out 5-3 (Groundball, 56)
Top of the 4th over - 0 runs, 0 hits, 0 errors, 0 left on base; Indiana 1 - Amarillo 0
BOTTOM OF THE 4TH
Amarillo Archdukes batting - Pitching for Indiana Hounds : LHP Daniel Gregory
Batting: RHB Oliver Lugo 0-0: Ball
1-0: Called Strike
1-1: Foul Ball, location: 2F
1-2: Strikes out looking
Batting: SHB Álex Hernández 0-0: Called Strike
0-1: Foul Ball, location: 2F
0-2: SINGLE (Groundball, 56) (infield hit)
Batting: RHB Jesús Ramos 0-0: Called Strike
0-1: Ball
1-1: Ball
2-1: Called Strike
2-2: Foul Ball, location: 2F
2-2: Strikes out swinging
Batting: RHB Herb Bunch 0-0: Ball
Álex Hernández is caught stealing 2nd base
Bottom of the 4th over - 0 runs, 1 hit, 0 errors, 0 left on base; Indiana 1 - Amarillo 0
TOP OF THE 5TH
Indiana Hounds batting - Pitching for Amarillo Archdukes : RHP Tsugahara Suzuki
Batting: RHB Anastasio Movonda 0-0: Called Strike
0-1: Swinging Strike
0-2: Strikes out looking
Batting: RHB Henry Haines 0-0: Swinging Strike
0-1: Foul Ball, location: 2F
0-2: Ball
1-2: Ball
2-2: Strikes out swinging
Batting: RHB Remi Eruzione 0-0: Swinging Strike
0-1: Ball
1-1: Foul Ball, location: 2F
1-2: Strikes out swinging
Top of the 5th over - 0 runs, 0 hits, 0 errors, 0 left on base; Indiana 1 - Amarillo 0
BOTTOM OF THE 5TH
Amarillo Archdukes batting - Pitching for Indiana Hounds : LHP Daniel Gregory
Batting: RHB Herb Bunch 0-0: Ball
1-0: Ball
2-0: Called Strike
2-1: Foul Ball, location: 2F
2-2: Strikes out swinging
Batting: RHB Vincente Ramírez 0-0: SINGLE (Line Drive, 8RS)
Batting: LHB José Martínez 0-0: Ball
1-0: Foul Ball, location: 2F
1-1: Ball
2-1: Ball
3-1: Foul Ball, location: 2F
3-2: DOUBLE (Flyball, 89D)
Vincente Ramírez to third
Batting: SHB Jeff Chambers 0-0: Foul Ball, location: 2F
0-1: Foul Ball, location: 2F
0-2: Ball
1-2: Foul Ball, location: 2F
1-2: Ball
2-2: Fly out, F9 (Flyball, 9)
Runner from 3rd tags up, SCORES, throw made
Batting: LHB António Chávez 0-0: Called Strike
0-1: Ball
1-1: Swinging Strike
1-2: Strikes out swinging
Bottom of the 5th over - 1 run, 2 hits, 0 errors, 1 left on base; Indiana 1 - Amarillo 1
TOP OF THE 6TH
Indiana Hounds batting - Pitching for Amarillo Archdukes : RHP Tsugahara Suzuki
Batting: RHB Marlon Hernández 0-0: Swinging Strike
0-1: Ball
1-1: Called Strike
1-2: Strikes out looking
Batting: RHB Roberto Cardona 0-0: Ball
1-0: Called Strike
1-1: Ground out 6-3 (Groundball, 6)
Batting: RHB Víctor Márquez 0-0: Swinging Strike
0-1: Foul Ball, location: 2F
0-2: Foul Ball, location: 2F
0-2: Ball
1-2: Strikes out swinging
Top of the 6th over - 0 runs, 0 hits, 0 errors, 0 left on base; Indiana 1 - Amarillo 1
BOTTOM OF THE 6TH
Amarillo Archdukes batting - Pitching for Indiana Hounds : LHP Daniel Gregory
Batting: LHB Brian Easdale 0-0: Ball
1-0: Called Strike
1-1: Ball
2-1: Foul Ball, location: 2F
2-2: Ball
3-2: Ground out 5-3 (Groundball, 56)
Batting: RHB Oliver Lugo 0-0: Ball
1-0: Ball
2-0: Foul Ball, location: 2F
2-1: Ground out 4-3 (Groundball, 4M)
Batting: SHB Álex Hernández 0-0: Foul Ball, location: 2F
0-1: Ball
1-1: Ball
2-1: Called Strike
2-2: SINGLE (Line Drive, 56)
Batting: RHB Jesús Ramos 0-0: Called Strike
0-1: Fly out, F7 (Flyball, 7)
Bottom of the 6th over - 0 runs, 1 hit, 0 errors, 1 left on base; Indiana 1 - Amarillo 1
TOP OF THE 7TH
Indiana Hounds batting - Pitching for Amarillo Archdukes : RHP Tsugahara Suzuki
Pitching: RHP Wilson Molina
Batting: RHB Vicente Valentín 0-0: Swinging Strike
0-1: SINGLE (Groundball, 34D)
Batting: RHB Danny Walker 0-0: SINGLE (Groundball, 4MD)
Vicente Valentín to second
Pinch Hitting: LHB Juan Vásquez 0-0: SINGLE (Line Drive, 4D)
Vicente Valentín to third
Danny Walker to second
Pinch Hitting: LHB Manny Hernández 0-0: SINGLE (Line Drive, 8LS)
Vicente Valentín scores
Danny Walker to third
Juan Vásquez to second
Batting: RHB Henry Haines 0-0: Called Strike
0-1: Swinging Strike
0-2: Ball
1-2: Foul Ball, location: 2F
1-2: SINGLE (Groundball, 3D)
Danny Walker scores
Juan Vásquez to third
Manny Hernández to second
Runner from 3rd tries for Home, SAFE, no throw
Pitching: RHP Aaron Palmer
Batting: RHB Remi Eruzione 0-0: Ball
1-0: Called Strike
1-1: Called Strike
1-2: Ball
2-2: Strikes out swinging
Batting: RHB Marlon Hernández 0-0: Called Strike
0-1: Ball
1-1: SINGLE (Groundball, 4MD)
Manny Hernández to third
Henry Haines to second
Runner from 3rd tries for Home, SAFE, no throw
Batting: RHB Roberto Cardona 0-0: Swinging Strike
0-1: Called Strike
Passed Ball!
Henry Haines to third
Marlon Hernández to second
0-2: Ball
1-2: Foul Ball, location: 2F
1-2: Foul Ball, location: 2F
1-2: Ball
2-2: Foul Ball, location: 2F
2-2: Foul Ball, location: 2F
2-2: Foul Ball, location: 2F
2-2: Ball
3-2: Ground out 4-3 (Groundball, 4)
Batting: RHB Víctor Márquez 0-0: Swinging Strike
0-1: Foul Ball, location: 2F
0-2: Foul Ball, location: 2F
0-2: Strikes out swinging
Top of the 7th over - 4 runs, 6 hits, 0 errors, 2 left on base; Indiana 5 - Amarillo 1
BOTTOM OF THE 7TH
Amarillo Archdukes batting - Pitching for Indiana Hounds : LHP Daniel Gregory
Now at SS: Júlio Contreras
Now in RF: Juan Vásquez
Batting: RHB Herb Bunch 0-0: Called Strike
0-1: Swinging Strike
0-2: Ball
1-2: Foul Ball, location: 2F
1-2: Foul Ball, location: 2F
1-2: Ball
2-2: Strikes out swinging
Batting: RHB Vincente Ramírez 0-0: Ball
1-0: Foul Ball, location: 2F
1-1: Swinging Strike
1-2: Strikes out swinging
Batting: LHB José Martínez 0-0: Foul Ball, location: 2F
0-1: Foul Ball, location: 2F
0-2: Ball
1-2: Hit by Pitch
Pitching: RHP Edgar Martínez
Batting: SHB Jeff Chambers 0-0: Ball
1-0: Foul Ball, location: 2F
1-1: Fly out, F8 (Flyball, 8LM)
Bottom of the 7th over - 0 runs, 0 hits, 0 errors, 1 left on base; Indiana 5 - Amarillo 1
TOP OF THE 8TH
Indiana Hounds batting - Pitching for Amarillo Archdukes : RHP Aaron Palmer
Batting: RHB Vicente Valentín 0-0: Swinging Strike
0-1: Called Strike
0-2: Ball
1-2: Strikes out swinging
Batting: RHB Danny Walker 0-0: Ground out 6-3 (Groundball, 6)
Batting: LHB Juan Vásquez 0-0: Called Strike
0-1: Ball
1-1: Called Strike
1-2: Ball
2-2: Strikes out swinging
Top of the 8th over - 0 runs, 0 hits, 0 errors, 0 left on base; Indiana 5 - Amarillo 1
BOTTOM OF THE 8TH
Amarillo Archdukes batting - Pitching for Indiana Hounds : RHP Edgar Martínez
Batting: LHB António Chávez 0-0: Called Strike
0-1: Ball
1-1: Fly out, F9 (Flyball, 9S)
Batting: LHB Brian Easdale 0-0: Swinging Strike
0-1: Called Strike
0-2: Reached on error, E3 (Groundball, 34S)
Batting: RHB Oliver Lugo 0-0: Called Strike
0-1: Swinging Strike
0-2: Ball
1-2: Fielders Choice at 2nd, 6-4 (Groundball, 56)
Batting: SHB Álex Hernández 0-0: Ball
1-0: Fly out, F6 (Popup, 6M)
Bottom of the 8th over - 0 runs, 0 hits, 1 error, 1 left on base; Indiana 5 - Amarillo 1
TOP OF THE 9TH
Indiana Hounds batting - Pitching for Amarillo Archdukes : RHP Aaron Palmer
Batting: RHB Júlio Contreras 0-0: Ball
1-0: Called Strike
1-1: Called Strike
1-2: Foul Ball, location: 2F
1-2: Ground out 6-3 (Groundball, 6)
Batting: RHB Henry Haines 0-0: Ball
1-0: Ball
2-0: Called Strike
2-1: Swinging Strike
2-2: Strikes out swinging
Batting: RHB Remi Eruzione 0-0: Ball
1-0: Foul Ball, location: 2F
1-1: Ball
2-1: Ground out 6-3 (Groundball, 6)
Top of the 9th over - 0 runs, 0 hits, 0 errors, 0 left on base; Indiana 5 - Amarillo 1
BOTTOM OF THE 9TH
Amarillo Archdukes batting - Pitching for Indiana Hounds : RHP Edgar Martínez
Batting: RHB Jesús Ramos 0-0: Swinging Strike
0-1: Ball
1-1: Foul Ball, location: 2F
1-2: DOUBLE (Line Drive, 7LM)
Batting: RHB Herb Bunch 0-0: Ball
1-0: Ball
2-0: Called Strike
2-1: Foul Ball, location: 2F
2-2: Ball
3-2: Base on Balls
Pitching: LHP Ricardo Vargas
Batting: RHB Vincente Ramírez 0-0: SINGLE (Line Drive, 56)
Jesús Ramos to third
Herb Bunch to second
Pinch Hitting: RHB Fernando Castellanos 0-0: Called Strike
0-1: DOUBLE (Groundball, 3L)
Jesús Ramos scores
Herb Bunch scores
Vincente Ramírez to third
Pinch Hitting: RHB Jon Krohne 0-0: Called Strike
0-1: Called Strike
0-2: Foul Ball, location: 2F
0-2: Ball
Wild Pitch!
Vincente Ramírez scores
Fernando Castellanos to third
1-2: SINGLE (Groundball, 6MD)
Fernando Castellanos scores
Pinch Runner at 1st Nelson Castro:
Pinch Hitting: RHB Eugenio Maldonado 0-0: Called Strike
0-1: Ball
1-1: Foul Ball, location: 2F
1-2: Ground out U3 (Groundball, 23)
Nelson Castro to second
Batting: LHB Brian Easdale 0-0: Ball
1-0: 2-RUN HOME RUN (Flyball, 7D), Distance : 354 ft
Saturday, April 7th, 2018 - OOTP Baseball 18.8 Build 76